Map: Neon Violet Square LE

Players

ViceCubed

  • Race: Zerg Zerg
  • League: Gold
  • Spawn Location: 11:00

Juxtapose - Winner!

  • Race: Zerg Zerg
  • League: Gold
  • Spawn Location: 5:00

VOD

https://youtu.be/N-DCf8EMNwc

Description

This is my first time playing on this map, and the pathing restrictions are indeed a little odd.

My opponent seemed to go for the traditional Zerg versus Zerg aggression of Zerglings and Banelings, but that tends not to work so well against Roaches supported by Queens and Spine Crawlers.

I decided to go Hydralisks instead of Mutalisks on a whim, and it worked well.

Time

  • Played on: Nov. 23, 2017, 7:05 p.m.
  • Length: 9:53
Show
View Real Time Build Order
Export as new Build Order

ViceCubed Zerg 

Build Orders: Hatch First 

Get SALT Encoding   

  12  0:01  Drone  
  13  0:13  Overlord  
  13  0:18  Drone  
  14  0:32  Drone  
  14  0:33  Drone  
  16  0:48  Drone  
  17  0:54  Hatchery  
  16  1:02  Drone  
  17  1:12  Spawning Pool  
  17  1:14  Extractor  
  17  1:17  Drone  
  16  1:20  Drone  
  18  1:25  Drone  
  18  1:29  Drone  
  19  1:47  Overlord  
  19  2:02  Zergling x2  
  19  2:04  Queen  
  19  2:06  Queen  
  19  2:08  Drone  
  25  2:09  Drone  
  26  2:35  Baneling Nest  
  25  2:47  Zergling x2  
  25  2:48  Zergling x10  
  25  2:50  Metabolic Boost  
  31  3:25  Zergling x10  
  31  3:26  Overlord x2  
  36  3:40  Hatchery  
  35  3:57  Lair  
  35  4:09  Evolution Chamber  
  34  4:20  Zergling x2  
  34  4:21  Zergling x18  
  34  4:22  Zergling x2  
  44  4:37  Baneling x4  
  44  4:38  Baneling x2  
  44  4:39  Drone  
  44  4:40  Drone  
  46  4:48  Zerg Melee Weapons Level 1  
  46  4:57  Drone  
  46  4:58  Drone x2  
  32  5:44  Zergling x2  
  32  5:45  Zergling x26  
  41  6:04  Evolution Chamber  
  41  6:08  Infestation Pit  
  41  6:09  Drone  
  41  6:10  Drone x5  
  45  6:23  Zergling x2  
  45  6:24  Zergling x12  
  52  6:36  Unknown  
  52  6:37  Zergling x10  
  53  6:56  Zergling x2  
  53  6:57  Zergling x10  
  53  7:01  Zergling x2  
  50  7:08  Zergling x4  
  45  7:14  Zerg Ground Armor Level 1  
  45  7:15  Zerg Melee Weapons Level 2  
  45  7:28  Zergling x14  
  45  7:29  Zergling x2  
  53  7:33  Drone  
  53  7:36  Drone  
  55  7:38  Drone  
  56  7:44  Zergling x4  
  56  7:47  Overlord  
  58  8:05  Drone x8  
  62  8:26  Drone x2  
  65  8:27  Drone x2  
  65  8:32  Extractor x2  
  65  8:33  Zergling x4  
  66  8:34  Overlord  
  66  8:35  Overlord  
  66  8:54  Extractor  
  65  8:57  Extractor  
  65  8:58  Extractor  
  65  9:00  Queen  
  65  9:05  Drone x2  
  65  9:09  Hatchery  
  66  9:13  Drone x3  
  66  9:14  Drone x3  
  66  9:16  Drone x3  
  72  9:30  Zergling x2  
  63  9:31  Zergling x20  
  63  9:36  Spine Crawler  
  63  9:38  Spine Crawler  
Show
View Real Time Build Order
Export as new Build Order

Juxtapose Zerg - Winner!

Build Orders: Hatch First 

Get SALT Encoding   

  12  0:01  Drone  
  13  0:10  Drone  
  14  0:18  Overlord  
  14  0:37  Drone x2  
  16  0:51  Hatchery  
  16  0:54  Drone  
  16  1:03  Extractor  
  15  1:04  Drone  
  16  1:16  Spawning Pool  
  16  1:18  Drone  
  16  1:26  Overlord  
  16  1:30  Drone  
  17  1:42  Drone x2  
  19  1:57  Drone  
  20  2:03  Queen  
  20  2:04  Metabolic Boost  
  22  2:09  Zergling x2  
  22  2:10  Zergling x2  
  24  2:16  Zergling x2  
  24  2:17  Drone  
  26  2:27  Drone x2  
  28  2:36  Drone x2  
  29  2:40  Queen  
  31  2:51  Spine Crawler  
  30  2:56  Drone x2  
  32  3:02  Drone  
  33  3:08  Extractor  
  33  3:10  Roach Warren  
  33  3:12  Drone x2  
  33  3:28  Drone  
  33  3:29  Drone x2  
  33  3:32  Overlord  
  36  3:41  Spine Crawler  
  35  3:46  Evolution Chamber  
  34  3:49  Drone x2  
  34  3:52  Drone  
  34  3:53  Drone x5  
  42  3:59  Overlord  
  42  4:09  Roach  
  44  4:13  Overlord  
  44  4:16  Lair  
  44  4:27  Roach x4  
  44  4:30  Overlord  
  52  4:37  Queen  
  54  4:43  Extractor  
  53  4:46  Drone x3, Extractor  
  53  4:48  Roach  
  57  4:57  Zerg Ground Armor Level 1  
  57  5:04  Drone x5  
  57  5:05  Drone  
  63  5:08  Overlord  
  63  5:28  Roach x6  
  66  5:40  Roach x3  
  58  5:52  Roach x3  
  64  5:58  Queen  
  64  5:59  Queen  
  68  6:06  Roach  
  68  6:07  Roach x3  
  76  6:20  Overseer  
  76  6:25  Overlord  
  76  6:26  Overlord  
  76  6:52  Zerg Missile Weapons Level 1  
  76  6:57  Roach x2  
  76  6:58  Roach x4  
  76  6:59  Queen  
  80  7:26  Hatchery  
  80  7:27  Hydralisk Den  
  78  7:31  Hatchery  
  78  7:35  Queen, Glial Reconstitution  
  79  7:38  Burrow  
  79  7:48  Roach  
  79  7:49  Roach x5  
  79  7:50  Overlord x2  
  91  8:08  Overlord  
  91  8:09  Hydralisk x3  
  91  8:10  Hydralisk  
  99  8:18  Hydralisk  
  99  8:19  Hydralisk x2  
  105  8:30  Overseer x2  
  105  8:41  Overlord, Hydralisk x2  
  105  8:42  Drone x2  
  111  8:58  Drone x4  
  111  8:59  Drone  
  116  9:29  Hydralisk x5  
  130  9:31  Drone  
  130  9:32  Drone  
Tags
 
Add a new tag
Caveats
  • Supply blocks, unpowered buildings, or Contaminate may cause inaccurate times.
  • Supply counts are checked every 10 seconds.